 Dungeon Crawl Stone Soup version 0.30-a0-1018-g25214051b3 (webtiles) character file.

Game seed: 15840653182231782113

6733 funkygono the Cleaver (level 10, -4/90 HPs)
             Began as a Minotaur Fighter on Apr 7, 2023.
             Was a Priest of Okawaru.
             Slain by a blink frog (9 damage)
             ... on level 1 of the Lair of Beasts.
             The game lasted 00:15:07 (7527 turns).

funkygono the Cleaver (Minotaur Fighter)            Turns: 7527, Time: 00:15:07

Health: -4/90      AC: 18    Str: 27    XL:     10   Next: 75%
Magic:  9/10       EV: 12    Int:  5    God:    Okawaru [***...]
Gold:   827        SH:  7    Dex: 11    Spells: 9/9 levels left

rFire   + . .      SeeInvis .    a - +0 war axe
rCold   . . .      Faith    .    c - +0 buckler
rNeg    . . .      Spirit   .    q - +2 chain mail {rF+}
rPois   +          Reflect  .    (helmet restricted)
rElec   .          Rampage  .    (no cloak)
rCorr   .                        n - +2 pair of gloves
Will    +....                    (no boots) Stlth
                                 e - amulet of regeneration
HPRegen 1.15/turn                w - ring of Zyqocvobb {Will+ Str+3}
MPRegen 0.12/turn                k - ring of poison resistance

@: heroic, slowed, very slow
A: horns 2, retaliatory headbutt
a: Renounce Religion, Heroism


You were on level 1 of the Lair of Beasts.
You worshipped Okawaru.
Okawaru was most pleased with you.
You visited 2 branches of the dungeon, and saw 9 of its levels.
You also visited: Ossuary.

You collected 827 gold pieces.

Inventory:

Hand Weapons
 a - a +0 war axe (weapon)
Missiles
 i - 4 javelins
 o - 9 boomerangs (quivered)
 E - 3 boomerangs of dispersal
Armour
 c - a +0 buckler (worn)
 n - a +2 pair of gloves (worn)
 q - a +2 chain mail of fire resistance (worn)
 K - a +0 plate armour
Jewellery
 e - an amulet of regeneration (around neck)
 k - a ring of poison resistance (right hand)
 w - the ring of Zyqocvobb (left hand) {Will+ Str+3}
   (You found it on level 4 of the Dungeon)

   [ring of willpower]

   Str:       It affects your strength (+3).
   Will:      It increases your willpower.
 z - a ring of protection from cold
Wands
 v - a wand of mindburst (21)
 x - a wand of flame (49)
 D - a wand of digging (5)
 F - a wand of roots (1)
Scrolls
 g - a scroll of fog
 h - 4 scrolls of teleportation
 j - 2 scrolls of poison
Potions
 d - 3 potions of might
 m - 2 potions of cancellation
 p - 3 potions of curing
 s - 2 potions of invisibility
 t - a potion of ambrosia
 u - a potion of heal wounds
 A - a potion of attraction {unknown}
 B - 2 potions of berserk rage
 G - a potion of magic {unknown}
 J - a potion of brilliance {unknown}


   Skills:
 + Level 8.6(13.6) Fighting
 + Level 13.8(18.8) Axes
 + Level 8.8(13.8) Armour
 + Level 3.3(8.3) Dodging
 + Level 0.4(5.4) Stealth
 + Level 8.1(13.1) Shields
 + Level 1.9 Invocations


You had 9 spell levels left.
You didn't know any spells.
Your spell library contained the following spells:

 Spells                   Type           Power      Damage    Failure   Level
 Beastly Appendage        Tmut           0%         N/A       90%         1
 Slow                     Hex            0%         N/A       90%         1
 Ensorcelled Hibernation  Hex/Ice        0%         N/A       97%         2
 Lesser Beckoning         Tloc           0%         N/A       97%         2
 Wereblood                Tmut           0%         N/A       97%         2
 Confusing Touch          Hex            0%         N/A       99%         3
 Gell's Gravitas          Tloc           0%         N/A       99%         3
 Hailstorm                Conj/Ice       0%         3d3       99%         3
 Spider Form              Tmut/Pois      0%         N/A       99%         3
 Teleport Other           Tloc           0%         N/A       99%         3
 Vampiric Draining        Necr           0%         2d6       99%         3
 Anguish                  Hex/Necr       0%         N/A       100%        4
 Cause Fear               Hex            0%         N/A       100%        4
 Ice Form                 Ice/Tmut       0%         N/A       100%        4
 Dragon Form              Tmut           0%         N/A       100%        7
 Simulacrum               Ice/Necr       Unusable   N/A       N/A         6
 Dragon's Call            Summ           Unusable   N/A       N/A         9

Dungeon Overview and Level Annotations

Branches:
Dungeon (8/15)             Temple (0/1) D:6            Lair (1/5) D:8
Ossuary (visited)

Altars:
Ashenzari
Cheibriados
Hepliaklqana
Kikubaaqudgha
Makhleb
Okawaru
Qazlal
Ru
Wu Jian
Xom
The Shining One

Shops:
D:5 !


Innate Abilities, Weirdness & Mutations

You have a pair of horns on your head.
You reflexively headbutt those who attack you in melee.


Message History

You hit the torpor snail but do no damage.
You headbutt the torpor snail, but do no damage.
The torpor snail is lightly wounded.
You hit the yak. You hit the bullfrog. You hit the blink frog.
You miss the blink frog. You closely miss the bullfrog.
The blink frog closely misses you. You furiously retaliate!
You headbutt the blink frog.
The blink frog blinks!
The bullfrog hits you but does no damage.
The torpor snail bites you but does no damage.
The yak gores you. You block the blink frog's attack.
The bullfrog hits you but does no damage.
Unknown command.
You hit the torpor snail but do no damage.
The torpor snail is lightly wounded.
You closely miss the bullfrog. You slash the blink frog!
You slash the bullfrog!
You kill the bullfrog!
Okawaru accepts your kill.
You barely miss the blink frog. You hit the yak. The blink frog misses you.
You block the bullfrog's attack.
The blink frog blinks!
The torpor snail misses you. The blink frog hits you!
The blink frog blinks!
The blink frog hits you!
The blink frog blinks!
The bullfrog hits you but does no damage.
You hit the torpor snail but do no damage.
The torpor snail is lightly wounded.
You slash the yak! You slash the bullfrog!
You kill the bullfrog!
Okawaru accepts your kill.
You hit the yak but do no damage. You block the yak's attack. x2
The blink frog blinks!
The torpor snail bites you!
* * * LOW HITPOINT WARNING * * *
You hit the torpor snail.
The torpor snail is lightly wounded.
You barely miss the yak. You barely miss the blink frog. You slice the yak!!
You miss the blink frog.
The blink frog blinks!
The yak gores you!
* * * LOW HITPOINT WARNING * * *
The yak gores you!
* * * LOW HITPOINT WARNING * * *
The blink frog hits you!
You die...

###########
#.........#
#.........# #
#.....F.F.#...
#....YYF.....#
#§...w@...#
#...§F....#
#..######## ##


You could see a torpor snail, 2 yaks and 4 blink frogs.

Vanquished Creatures
  Joseph (D:7)
  Maggie (D:6)
  A troll (D:6)
  A blink frog (D:8)
  5 yaks (D:8)
  4 steam dragons
  Grum (D:8)
  Edmund (D:5)
  An acid dragon (D:8)
  Duvessa (D:4)
  2 ice beasts
  3 water moccasins
  2 sky beasts
  2 black bears
  4 orc warriors
  An ogre (D:4)
  4 wolves (D:8)
  A centaur (D:7)
  A phantom (D:5)
  6 bullfrogs
  4 scorpions
  3 wights (D:7)
  Dowan (D:4)
  6 killer bees (D:7)
  A howler monkey (D:7)
  A crimson imp (D:4)
  2 centaur zombies (Ossuary)
  A human zombie (Ossuary)
  5 orc priests
  4 hounds
  A jelly (D:8)
  2 sleepcaps
  6 iguanas
  6 orc wizards
  2 mummies (Ossuary)
  Robin (D:3)
  6 gnolls
  8 adders
  3 white imps
  A worm (D:4)
  3 dart slugs
  46 orcs
  2 ball pythons (D:1)
  4 bats
  2 endoplasms
  3 giant cockroaches
  2 gnoll zombies (Ossuary)
  9 hobgoblins
  A jackal (D:1)
  13 kobolds
  2 quokkas
  3 frilled lizards
  16 goblins
  2 goblin zombies (Ossuary)
  5 hobgoblin zombies (Ossuary)
  2 orc zombies (Ossuary)
  4 rats
226 creatures vanquished.

Vanquished Creatures (others)
  13 demonic plants (D:3)
  8 plants
  2 withered plants (D:3)
23 creatures vanquished.

Grand Total: 249 creatures vanquished

Notes
Turn   | Place    | Note
-------+----------+-------------------------------------------
     0 | D:1      | funkygono the Minotaur Fighter began the quest for the Orb.
     0 | D:1      | Reached XP level 1. HP: 19/19 MP: 0/0
   210 | D:1      | Reached XP level 2. HP: 23/27 MP: 1/1
  1133 | D:2      | Reached skill level 3 in Axes
  1163 | D:2      | You fall into a shaft and drop 1 floor!
  1292 | D:2      | Reached XP level 3. HP: 28/33 MP: 2/2
  1392 | D:2      | Noticed a scorpion
  1402 | D:2      | Killed a scorpion
  1403 | D:2      | Reached skill level 4 in Axes
  1403 | D:2      | Reached XP level 4. HP: 38/40 MP: 3/3
  1930 | D:3      | Reached skill level 5 in Shields
  1930 | D:3      | Reached XP level 5. HP: 38/46 MP: 4/4
  1975 | D:3      | Found a glowing golden altar of the Shining One.
  1983 | D:3      | Found a sacrificial altar of Ru.
  2331 | D:3      | Found a faded altar of an unknown god.
  2449 | D:4      | Noticed Robin
  2459 | D:3      | Reached skill level 5 in Axes
  2685 | D:3      | Killed Robin
  2686 | D:3      | Reached XP level 6. HP: 44/53 MP: 5/5
  2953 | D:4      | Reached skill level 5 in Fighting
  3000 | D:4      | Reached skill level 6 in Axes
  3053 | D:4      | Reached skill level 1 in Dodging
  3155 | D:4      | Reached XP level 7. HP: 56/61 MP: 6/6
  3255 | D:4      | Identified the ring of Zyqocvobb {Will+ Str+3}
  3258 | D:4      | Noticed Duvessa
  3258 | D:4      | Noticed Dowan
  3268 | D:4      | Killed Duvessa
  3269 | D:4      | Reached skill level 7 in Axes
  3269 | D:4      | Reached skill level 5 in Armour
  3276 | D:4      | Killed Dowan
  3359 | D:4      | Found an iron altar of Okawaru.
  3362 | D:4      | Found a snail-covered altar of Cheibriados.
  3366 | D:4      | Became a worshipper of Warmaster Okawaru
  3373 | D:4      | Found an ornate altar of the Wu Jian Council.
  3715 | D:4      | Found a burning altar of Makhleb.
  3715 | D:4      | Found a shimmering altar of Xom.
  3897 | D:5      | Entered Level 5 of the Dungeon
  3903 | D:5      | Found Gait's Distillery.
  3920 | D:5      | Reached skill level 8 in Axes
  3985 | D:5      | Found a stormy altar of Qazlal.
  4000 | D:5      | Reached XP level 8. HP: 69/69 MP: 7/7
  4062 | D:5      | Reached * piety under Okawaru
  4275 | D:5      | Found an ancient bone altar of Kikubaaqudgha.
  4316 | D:5      | Noticed Edmund
  4328 | D:5      | Killed Edmund
  4359 | D:5      | Reached skill level 9 in Axes
  4918 | D:6      | Found a broken altar of Ashenzari.
  5061 | D:6      | Reached skill level 10 in Axes
  5097 | D:6      | Found a sand-covered staircase.
  5103 | Ossuary  | Entered an ossuary
  5167 | Ossuary  | Reached ** piety under Okawaru
  5168 | Ossuary  | Reached XP level 9. HP: 75/75 MP: 8/8
  5340 | D:6      | Noticed Maggie
  5351 | D:6      | Killed Maggie
  5393 | D:6      | Noticed a troll
  5403 | D:6      | Killed a troll
  5404 | D:6      | Reached skill level 11 in Axes
  5480 | D:6      | Found a staircase to the Ecumenical Temple.
  5693 | D:6      | Found a hazy altar of Hepliaklqana.
  5844 | D:7      | Reached *** piety under Okawaru
  6093 | D:7      | Reached skill level 12 in Axes
  6333 | D:7      | Reached skill level 1 in Invocations
  6342 | D:7      | Reached XP level 10. HP: 86/86 MP: 7/9
  6383 | D:7      | Noticed Joseph
  6397 | D:7      | Killed Joseph
  6769 | D:8      | Reached skill level 13 in Axes
  7260 | D:8      | Found a staircase to the Lair.
  7267 | D:8      | Noticed Grum
  7280 | D:8      | Killed Grum
  7497 | Lair:1   | Entered Level 1 of the Lair of Beasts
  7497 | Lair:1   | Noticed a torpor snail
  7527 | Lair:1   | Slain by a blink frog

Illustrated notes

Levels and vault maps discovered:
D:1:      sevenhm_arrival_forest_fort_large_2, layout_basic, serial_forest,
          infiniplex_forest_lined_corner, infiniplex_forest_clump_double,
          infiniplex_forest_end_2, infiniplex_forest_clump_large,
          infiniplex_forest_straight_4, infiniplex_forest_lined_ring,
          infiniplex_forest_straight_2, nicolae_kite_square_tiling_tiny,
          minmay_pentomino_t4
D:2:      layout_loops_ring, lexackson_kobold_supper
D:3:      layout_rooms, grunt_temple_overflow_open,
          shapermc_ecumenical_altar_gd, dk_vineyard_3
D:4:      layout_loops_ring, grunt_temple_overflow_diamond,
          grunt_temple_overflow_champion_of_chaos, kennysheep_generic_room_5,
          uniq_robin, uniq_duvessa
D:5:      layout_layer_cave, nicolae_qazlal_scattered_showers,
          nicolae_kikubaaqudgha_miasma_corner, serial_shops, shop_coins,
          uniq_edmund
D:6:      nicolae_cairo_tiling_large, layout_basic, nzn_hepliaklqana_mist_gate,
          evilmike_ruin_ashenzari, minmay_temple_entry_antechambers,
          nicolae_ossuary_entry_plus, uniq_maggie
D:7:      layout_loops_ring, uniq_joseph
D:8:      layout_gridville, lair_entry_dummy, minmay_quadrilaterals, uniq_grum
Lair:1:   layout_roguey, columned_hall_lemuel, nicolae_lair_lakeside_cave

Skill      XL: |  1  2  3  4  5  6  7  8  9 10 |
---------------+-------------------------------+-----
Shields        | 4 5 6 7 8 |  8.1
Axes           | 3 4 5 6 8 10 12 13 | 13.8
Fighting       | 4 5 6 7 8 |  8.6
Armour         | 4 5 6 7 8 |  8.8
Dodging        | 1 2 3 |  3.3
Invocations    | 1 |  1.9
Stealth        | |  0.4

Action                     |  1- 3 |  4- 6 |  7- 9 | 10-12 || total
---------------------------+-------+-------+-------+-------++-------
  Melee: War axe           |    71 |   149 |   270 |   119 ||   609
         Headbutt          |    14 |    29 |    57 |    24 ||   124
 Invoke: Heroism           |       |       |     7 |     8 ||    15
    Use: Scroll            |     3 |     3 |     6 |     4 ||    16
 Armour: Scale mail        |    23 |    14 |       |       ||    37
         Chain mail        |       |    74 |   133 |    53 ||   260
  Dodge: Dodged            |    25 |    48 |   119 |    62 ||   254
  Block: Buckler           |    13 |    40 |    82 |    37 ||   172

Table legend: (Time is in decaauts)
 A = Elapsed time spent in this place.
 B = Non-inter-level travel time spent in this place.
 C = Inter-level travel time spent in this place.
 D = Time resting spent in this place.
 E = Time spent auto-exploring this place.
 F = Levels seen in this place.
 G = Mean time per level.
                   A        B        C        D        E       F      G
               +--------+--------+--------+--------+--------+-----+--------+
         Total |   7576 |   7318 |    258 |    211 |   5290 |  10 |  757.6 |
       Dungeon |   7425 |   7168 |    257 |    211 |   5241 |   8 |  928.1 |
          Lair |      9 |      9 |      0 |      0 |      0 |   1 |    9.0 |
       Ossuary |    141 |    141 |      0 |      0 |     49 |   1 |  141.0 |
               +--------+--------+--------+--------+--------+-----+--------+

Top non-repeatable levels by time:
     D:4: 1219 daAuts
     D:1: 1121 daAuts
     D:5: 1007 daAuts
     D:7: 916 daAuts
     D:3: 829 daAuts
     D:2: 805 daAuts
     D:6: 783 daAuts
     D:8: 741 daAuts
 Ossuary: 141 daAuts
  Lair:1: 9 daAuts
